 Dungeon Crawl Stone Soup version 0.23-a0-61-g4bf3f6c (webtiles) character file.

142 Mgcat the Magician (level 5, -14/24 HPs)
             Began as a Spriggan Summoner on Aug 9, 2018.
             Was an Initiate of Ashenzari.
             Killed by divine providence
             ... invoked by an orc priest
              (15 damage)
             ... on level 3 of the Dungeon.
             The game lasted 00:10:24 (2622 turns).

Mgcat the Magician (Spriggan Summoner)              Turns: 2622, Time: 00:10:25

Health: -14/24     AC:  2    Str:  4    XL:     5   Next: 3%
Magic:  5/13       EV: 18    Int: 17    God:    Ashenzari [......]
Gold:   159        SH:  0    Dex: 17    Spells: 3/13 levels left

rFire    . . .     SeeInvis +   j - +0 mace
rCold    . . .     Gourm    .   (shield restricted)
rNeg     . . .     Faith    .   a - +0 robe
rPois    .         Spirit   .   (helmet restricted)
rElec    .         Reflect  .   (no cloak)
rCorr    .         Harm     .   (gloves unavailable)
MR       .....                  (boots unavailable)
Stlth    ++........             (no amulet)
HPRegen  0.08/turn              (no ring)
MPRegen  0.13/turn              (no ring)

@: very quick
A: very small, unfitting armour, see invisible, herbivore, speed 3, slow
metabolism 2
a: Curse Item, Renounce Religion


You were on level 3 of the Dungeon.
You worshipped Ashenzari.
Ashenzari was noncommittal.
You were very hungry.

You visited 1 branch of the dungeon, and saw 3 of its levels.

You collected 159 gold pieces.

Inventory:

Hand Weapons
 j - a +0 mace (weapon)
   (You found it on level 1 of the Dungeon)
Armour
 a - a +0 robe (worn)
Scrolls
 e - 3 scrolls of teleportation {unknown}
 f - 4 scrolls of remove curse
 g - 2 scrolls of fear {unknown}
 h - a scroll of identify {unknown}
 i - 2 scrolls of amnesia {unknown}
 l - 2 scrolls of enchant weapon {unknown}
 n - 3 scrolls of magic mapping {unknown}
 p - a scroll of enchant armour {unknown}
Potions
 b - a potion of flight {unknown}
 d - 2 potions of mutation {unknown}
 k - a potion of heal wounds {unknown}
 m - a potion of ambrosia {unknown}
 o - a potion of brilliance {unknown}
Comestibles
 c - 3 rations


   Skills:
 - Level 3.1 Dodging
 - Level 3.1 Stealth
 + Level 4.7 Spellcasting
 + Level 4.2 Summonings
 + Level 1.2 Air Magic


You had 3 spell levels left.
You knew the following spells:

 Your Spells              Type           Power        Failure   Level  Hunger
a - Summon Small Mammal   Summ           ###.         2%          1    None
b - Call Imp              Summ           ###.....     4%          2    ##.....
c - Call Canine Familiar  Summ           ###.....     8%          3    ###....
d - Summon Lightning Spi  Summ/Air       ##......     43%         4    ####...

Your spell library contained the following spells:

 Spells                   Type           Power        Failure   Level  Hunger
 Summon Ice Beast         Ice/Summ       ##......     52%         4    ####...
 Summon Guardian Golem    Hex/Summ       ##......     19%         3    ###....


Dungeon Overview and Level Annotations

Branches:
Dungeon (3/15)

Altars:
Ashenzari
Elyvilon


Innate Abilities, Weirdness & Mutations

You are very small and have problems with some larger weapons.
You are too small for most types of armour.
You have supernaturally acute eyesight. (SInv)
You are a herbivore.
You cover ground extremely quickly.
You need to consume almost no food.


Message History

The kobold closely misses you.
A goblin comes into view.
Your rat bites the kobold.
You hit the orc.
The orc is moderately wounded.
Your bat closely misses the orc.
Your crimson imp hits the worm.
The orc closely misses you. The orc barely misses you.
The orc barely misses your bat.
Your hound closely misses the orc.
The kobold misses you.
The worm barely misses your crimson imp.
Your rat barely misses the kobold.
Your crimson imp hits the worm.
The orc misses you.
Your hound closely misses the orc.
The orc misses you.
The orc hits your white imp but does no damage.
You closely miss the orc.
The orc is moderately wounded.
Your bat hits the orc but does no damage.
Your bat misses the orc.
Your hound barely misses the orc.
The kobold closely misses you.
Your rat misses the kobold.
Your crimson imp hits the worm.
The orc closely misses you.
Your bat hits the orc but does no damage.
The worm bites your crimson imp.
Your white imp hits the orc.
Your white imp freezes the orc.
The orc hits your white imp with a hand axe!
The orc misses you.
Your hound barely misses the orc.
The kobold closely misses you.
You strike the helpless orc from behind!
You hit the orc.
You kill the orc!
You have reached level 5!
You feel agile.
Your bat closely misses the orc. x2; Your hound bites the orc.
Your rat bites the kobold.
Your crimson imp hits the worm.
The orc barely misses you. The kobold hits you with a dagger.
The hobgoblin closely misses your white imp.
The worm bites your crimson imp.
Your hound bites the orc.
Something hits your bat.
Your rat misses the kobold.
Your crimson imp blinks!
The orc barely misses you.
You hear an angry hiss.
You barely miss the orc.
The orc is almost dead.
Your bat closely misses the orc.
Your hound bites the orc.
The orc dies!
A leopard gecko comes into view.
Your white imp hits the hobgoblin.
Your white imp freezes the hobgoblin.
The hobgoblin dies!
The kobold hits you with a dagger.
Your rat bites the kobold.
Your white imp misses the kobold.
You barely miss the kobold.
The kobold is severely wounded.
Your bat closely misses the kobold.
The kobold closely misses you.
The orc priest hits your white imp with a hand axe.
Your white imp dies!
Your rat bites the kobold.
The kobold dies!
You hit the orc priest.
The orc priest is lightly wounded.
Your hound bites the leopard gecko.
The leopard gecko bites your hound but does no damage.
Your bat barely misses the orc priest.
The leopard gecko bites your hound.
Your hound misses the leopard gecko. The goblin closely misses your hound.
The orc priest hits you with a hand axe.
The orc priest hits your rat but does no damage.
The orc priest hits your bat with a hand axe.
Your rat barely misses the leopard gecko.
Your bat closely misses the orc priest.
You hit the orc priest but do no damage.
The orc priest is lightly wounded.
Your bat hits the orc priest but does no damage.
Your hound barely misses the leopard gecko.
The leopard gecko misses your hound.
Your rat bites the leopard gecko.
The leopard gecko dies!
The orc priest hits you with a hand axe.
* * * LOW HITPOINT WARNING * * *
The orc priest hits your rat with a hand axe!
Your rat dies!
Your rat's corpse disappears in a puff of smoke!
The goblin misses you.
You hit the orc priest.
The orc priest is moderately wounded.
Your bat hits the orc priest but does no damage.
Your bat misses the orc priest.
Your hound bites the orc priest.
The orc priest closely misses you.
The orc priest hits your bat with a hand axe.
Your bat dies!
Your bat's corpse disappears in a puff of smoke!
The orc priest closely misses your hound.
Your hound bites the orc priest.
The goblin closely misses you.
The orc priest hits you with a hand axe.
* * * LOW HITPOINT WARNING * * *
The orc priest hits your hound but does no damage.
Okay, then.
Okay, then.
Unknown command.
Your hound barely misses the orc priest.
Your hound closely misses the orc priest.
The orc priest invokes the aid of Beogh against you.
Beogh smites you!
Ouch! That really hurt!
You die...

... #. #... #.#>.
##...##.#.
......... #
##...... .#.
##......$ ...
......#.## ..
#.....g.##.#
#.#..5wh@..#
#.....#o)........
#..#. #†#......##
.. # #.###.....#
... ...... ##..
...... ... .....
.... (....


You could see a worm, an orc priest, a goblin, a friendly hound and a friendly
crimson imp.

Vanquished Creatures
  Jessica (D:2)
  An ooze (D:1)
  A dart slug (D:2)
  An orc (D:3)
  4 bats
  5 hobgoblins
  A frilled lizard (D:2)
  4 kobolds
  4 rats
22 creatures vanquished.

Vanquished Creatures (collateral kills)
  2 orc priests (D:2)
  Robin (D:2)
  4 adders
  2 dart slugs
  2 leopard geckos (D:3)
  2 orcs
  A ball python (D:2)
  5 bats
  A giant cockroach (D:3)
  12 goblins
  10 hobgoblins
  9 kobolds
  2 frilled lizards
  7 rats
60 creatures vanquished.

Grand Total: 82 creatures vanquished

Notes
Turn   | Place    | Note
-------+----------+-------------------------------------------
     0 | D:1      | Mgcat the Spriggan Summoner began the quest for the Orb.
     0 | D:1      | Reached XP level 1. HP: 9/9 MP: 5/5
   160 | D:1      | Reached skill level 3 in Spellcasting
   183 | D:1      | Reached XP level 2. HP: 13/13 MP: 1/7
   187 | D:1      | Learned a level 2 spell: Call Imp
  1002 | D:2      | Reached XP level 3. HP: 13/16 MP: 6/9
  1041 | D:2      | Learned a level 3 spell: Call Canine Familiar
  1129 | D:2      | Found a shattered altar of Ashenzari.
  1485 | D:2      | Noticed Jessica
  1536 | D:2      | Killed Jessica
  1536 | D:2      | Reached skill level 4 in Spellcasting
  1536 | D:2      | Reached skill level 4 in Summonings
  1536 | D:2      | Reached XP level 4. HP: 20/21 MP: 1/11
  1542 | D:2      | Learned a level 4 spell: Summon Lightning Spire
  2199 | D:2      | Noticed Robin
  2199 | D:2      | Reached skill level 1 in Air Magic
  2207 | D:2      | Killed Robin
  2337 | D:2      | Found a white marble altar of Elyvilon.
  2581 | D:2      | Became a worshipper of Ashenzari the Shackled
  2615 | D:3      | Reached XP level 5. HP: 17/24 MP: 3/12
  2619 | D:3      | HP: 6/24 [orc priest/hand axe (5)]
  2620 | D:3      | HP: 1/24 [orc priest/hand axe (5)]
  2622 | D:3      | Killed from afar by an orc priest

Vault maps used:
D:1:      lightli_arrival_windingriver, minmay_tall_x
D:2:      lemuel_doored_altar, hangedman_decor_slide_cut,
          evilmike_ruin_ashenzari, uniq_robin, uniq_jessica
D:3:      grunt_temple_overflow_order_and_chaos_2

Skill      XL: |  1  2  3  4 |
---------------+-------------+-----
Spellcasting   | 3 4 |  4.7
Summonings     | 4 |  4.2
Air Magic      | 1 |  1.2
Dodging        | |  3.1
Stealth        | |  3.1

Action                   |  1- 3 |  4- 6 || total
-------------------------+-------+-------++-------
Melee: Unarmed           |    19 |       ||    19
       Mace              |    36 |    23 ||    59
       Club              |     7 |       ||     7
 Cast: Summon Small Mamm |    41 |     8 ||    49
       Call Imp          |     5 |     6 ||    11
       Call Canine Famil |     9 |     7 ||    16
 Stab: Sleeping          |     3 |     3 ||     6
       Distracted        |     1 |     1 ||     2
Armor: Robe              |     6 |     2 ||     8
Dodge: Dodged            |    70 |    46 ||   116

Table legend:
 A = Non-vault XP
 B = Vault XP
 C = Vault XP percentage of total XP
 D = Non-vault monster count
 E = Vault monster count
 F = Vault count percentage of total count
 G = Total turns spent on level
                 A         B        C        D         E       F
            +---------+---------+-------+---------+---------+-------
      Total |     151 |      52 |  25.6 |      66 |      16 |  19.5
            +---------+---------+-------+---------+---------+-------
        D:1 |      36 |       4 |  10.0 |      26 |       4 |  13.3
        D:2 |      96 |      48 |  33.3 |      31 |      12 |  27.9
        D:3 |      19 |       0 |   0.0 |       9 |       0 |   0.0
            +---------+---------+-------+---------+---------+-------

Vault maps used:
D:1:      lightli_arrival_windingriver, minmay_tall_x
D:2:      lemuel_doored_altar, hangedman_decor_slide_cut,
          evilmike_ruin_ashenzari, uniq_robin, uniq_jessica
D:3:      grunt_temple_overflow_order_and_chaos_2

Table legend:
 A = Turns spent in this place as a percentage of turns spent in the entire game.
 B = Non-inter-level travel turns spent in this place as a percentage of non-inter-level travel turns spent in the entire game.
 C = Inter-level travel turns spent in this place as a percentage of turns spent in this place.
 D = Turns resting spent in this place as a percentage of non-inter-level travel turns spent in this place.
 E = Turns spent auto-exploring this place as a percentage of non-inter-level travel turns spent in this place.
 F = Non-inter-level travel turns spent in this place divided by the number of levels of this place that you've seen.
                   A       B       C       D       E      F
               +-------+-------+-------+-------+-------+----------------------
         Total | 100.0 | 100.0 |   5.6 |   0.0 |  71.5 | 824.7
       Dungeon | 100.0 | 100.0 |   5.6 |   0.0 |  71.5 | 824.7
               +-------+-------+-------+-------+-------+----------------------

Table legend:
 A = Kills in this place as a percentage of kills in entire the game.
 B = Kills by you in this place as a percentage of kills by you in the entire game.
 C = Kills by friends in this place as a percentage of kills by friends in the entire game.
 D = Other kills in this place as a percentage of other kills in the entire game.
 E = Experience gained in this place as a percentage of experience gained in the entire game.
 F = Experience gained in this place divided by the number of levels of this place that you have seen.
                   A       B       C       D       E      F
               +-------+-------+-------+-------+-------+----------------------
         Total | 100.0 | 100.0 | 100.0 |   N/A | 100.0 |  67.7
       Dungeon | 100.0 | 100.0 | 100.0 |   N/A | 100.0 |  67.7
               +-------+-------+-------+-------+-------+----------------------
